 Dungeon Crawl Stone Soup version 0.30.1-9-gdf580d7c3d (webtiles) character file.

Game seed: 7548388761489249969

357 KittyFluff the Cudgeller (level 6, -1/58 HPs)
             Began as a Gargoyle Berserker on Oct 14, 2023.
             Was a Priest of Trog.
             Slain by an iguana (3 damage)
             ... on level 5 of the Dungeon.
             The game lasted 00:15:00 (4090 turns).

KittyFluff the Cudgeller (Gargoyle Berserker)       Turns: 4090, Time: 00:15:00

Health: -1/58      AC: 23    Str: 23    XL:     6   Next: 64%
Magic:  0/6        EV:  2    Int:  7    God:    Trog [***...]
Gold:   134        SH:  0    Dex:  9    Spells: 5/5 levels left

rFire   . . .        a - +0 mace
rCold   . . .        (no shield)
rNeg    + . .        c - melded +0 leather armour
rPois   ∞            (helmet currently unavailable)
rElec   .            s - melded +0 cloak
rCorr   .            (gloves currently unavailable)
SInv    .            (boots currently unavailable)
Will    .....        v - amulet of guardian spirit
Stlth   +            (no ring)
HPRegen 0.29/turn    (no ring)
MPRegen 0.10/turn

%: guardian spirit
@: tree-form, on berserk cooldown, slowed, very slow
A: stationary, stasis, torment immunity, boosted hp, sickness immunity, AC +4,
negative energy resistance 1, (electricity resistance), torment resistance 1,
petrification resistance
a: Renounce Religion, Berserk, Trog's Hand


You were on level 5 of the Dungeon.
You worshipped Trog.
Trog was most pleased with you.
You were a tree.
You visited 1 branch of the dungeon, and saw 5 of its levels.

You collected 289 gold pieces.
You spent 155 gold pieces at shops.

Inventory:

Hand Weapons
 a - a +0 mace (weapon)
 q - a +2 sling of freezing
Missiles
 e - 2 curare-tipped darts (quivered)
 l - 3 javelins
 r - 2 throwing nets
 t - 2 poisoned darts
Armour
 c - a +0 leather armour (melded)
 s - a +0 cloak (melded)
Jewellery
 k - an amulet of magic regeneration
 v - an amulet of guardian spirit (around neck)
Wands
 n - a wand of light (1)
Scrolls
 b - 3 scrolls of enchant weapon
 g - 2 scrolls of fog {unknown}
 i - a scroll of noise {unknown}
 j - 2 scrolls of immolation {unknown}
 o - a scroll of vulnerability {unknown}
 p - a scroll of blinking {unknown}
Potions
 d - a potion of flight
 f - a potion of resistance
 h - 2 potions of mutation
 m - 3 potions of curing


   Skills:
 + Level 4.3 Fighting
 * Level 4.8 Maces & Flails
 * Level 4.6 Armour
 + Level 2.6 Dodging


You had 5 spell levels left.
You didn't know any spells.
Your spell library was empty.

Dungeon Overview and Level Annotations

Branches:
Dungeon (5/15)
 Temple: D:4-7

Altars:

Shops:
D:3 ?


Innate Abilities, Weirdness & Mutations

You are a tree.
Your roots penetrate the ground, keeping you stationary.
You cannot be teleported.
You are immune to unholy pain and torment.
Your maximum health is greatly increased.
Your equipment is partially melded.
You are immune to sickness and miasma.
((Your stone body is resilient. (AC +4)))
You are immune to poison.
You resist negative energy. (rN+)
((You are resistant to electric shocks. (rElec)))
You are resistant to unholy torment.
You are immune to petrification.


Message History

The gnoll closely misses you.
Things that are here:
a +0 flail; a +0 halberd; a gnoll corpse You bludgeon the gnoll!!
You kill the gnoll!
Trog accepts your kill.
You are no longer berserk.
You are exhausted.
You feel yourself slow down.
Things that are here:
a +0 halberd; a gnoll corpse The iguana bites you but does no damage.
You hit the iguana but do no damage. The iguana closely misses you.
The iguana bites you but does no damage.
You barely miss the iguana. The iguana bites you.
* * * LOW HITPOINT WARNING * * *
The iguana bites you.
* * * LOW HITPOINT WARNING * * *
You sock the iguana!
The iguana is heavily wounded.
The iguana misses you.
You barely miss the iguana. Your punch misses the iguana.
The iguana is heavily wounded.
The iguana bites you.
* * * LOW HITPOINT WARNING * * *
The iguana bites you.
* * * LOW HITPOINT WARNING * * *
Really quaff the potion of lignification?
You turn into a tree.
Your +0 cloak melds into your body.
Your +0 leather armour melds into your body.
Your roots penetrate the ground.
The iguana completely misses you.
The iguana bites you but does no damage.
You thump the iguana!
The iguana is almost dead.
The iguana bites you but does no damage.
You closely miss the iguana.
The iguana is almost dead.
The iguana bites you but does no damage.
The iguana bites you.
You die...

#..#......
#.†#......
#.).......
##)#######
#)# #.#
#.# #l#
#♣# #.#
#.# #.#
#.# #?#
#.# #.#


You could see an iguana.

Vanquished Creatures
  A water moccasin (D:5)
  A jelly (D:4)
  2 iguanas (D:4)
  4 adders
  4 gnolls (D:5)
  2 ufetubi
  2 dart slugs (D:1)
  An orc (D:3)
  6 ball pythons
  8 endoplasms
  A giant cockroach (D:4)
  4 hobgoblins
  2 jackals (D:3)
  8 quokkas
  8 bats
  11 frilled lizards
  10 goblins
  6 kobolds
  3 rats
84 creatures vanquished.

Notes
Turn   | Place    | Note
-------+----------+-------------------------------------------
     0 | D:1      | KittyFluff the Gargoyle Berserker began the quest for the
                  | Orb.
     0 | D:1      | Reached XP level 1. HP: 14/14 MP: 1/1
   123 | D:1      | Reached XP level 2. HP: 13/19 MP: 2/2
   537 | D:1      | Reached ** piety under Trog
   539 | D:1      | Reached XP level 3. HP: 23/23 MP: 3/3
  1235 | D:2      | Reached XP level 4. HP: 29/29 MP: 4/4
  2645 | D:3      | Reached *** piety under Trog
  2646 | D:3      | Reached XP level 5. HP: 33/33 MP: 5/5
  2664 | D:3      | Found The Oracle's Delphic Readings.
  2672 | D:3      | Bought a scroll of identify for 20 gold pieces
  2672 | D:3      | Bought 2 scrolls of identify for 40 gold pieces
  2672 | D:3      | Bought a scroll of identify for 20 gold pieces
  2672 | D:3      | Bought a scroll of enchant weapon for 75 gold pieces
  3819 | D:5      | Entered Level 5 of the Dungeon
  3916 | D:5      | Noticed a water moccasin
  3945 | D:5      | Killed a water moccasin
  3946 | D:5      | Reached XP level 6. HP: 12/38 MP: 1/6
  4087 | D:5      | HP: 1/39 [iguana (1)]
  4090 | D:5      | Slain by an iguana

Illustrated notes

Levels and vault maps discovered:
D:1:      elethiomel_arrival_quiet, layout_loops_corners, st_stairs_5,
          minmay_tetromino_t4
D:2:      layout_loops_ring, minmay_lizard_king
D:3:      layout_basic, minivault_5, nicolae_nh_oracle_at_delphi
D:4:      layout_gridville
D:5:      nicolae_cairo_tiling, layout_basic

Skill      XL: |  1  2  3  4  5 |
---------------+----------------+-----
Armour         | 3 4 |  4.6
Dodging        | 2 |  2.6
Maces & Flails | 4 |  4.8
Fighting       | 4 |  4.3

Action                     |  1- 3 |  4- 6 || total
---------------------------+-------+-------++-------
  Melee: Mace              |   132 |   137 ||   269
 Invoke: Berserk           |       |     3 ||     3
    Use: Scroll            |       |     6 ||     6
         Potion            |       |     1 ||     1
 Armour: Leather armour    |    57 |    49 ||   106
         Skin              |       |     3 ||     3
  Dodge: Dodged            |    95 |   107 ||   202
